 Dungeon Crawl Stone Soup version 0.16-a0-4023-g001212b (webtiles) character file.

12635 BluebellGnoll the Fighter (level 11, -2/108 HPs)
             Began as a Minotaur Gladiator on Feb 18, 2015.
             Was the Champion of Okawaru.
             Killed from afar by Nessos (18 damage)
             ... with a wand of fire
             ... on level 12 of the Dungeon.
             The game lasted 00:37:26 (9967 turns).

BluebellGnoll the Fighter (Minotaur Gladiator)      Turns: 9967, Time: 00:37:27

Health: -2/108     AC: 21    Str: 23    XL:     11   Next: 65%
Magic:  12/12      EV: 14    Int: 11    God:    Okawaru [******]
Gold:   155        SH:  0    Dex: 22    Spells: 0 memorised, 10 levels left

rFire  . . .     SeeInvis .     D - +3 battleaxe (freeze)
rCold  + + .     Clarity  +     Z - +0 plate armour
rNeg   + . .     SustAb   +     (no shield)
rPois  .         Gourm    .     c - +0 hat
rElec  .         Spirit   .     X - +1 cloak of the Burgomaster {Regen+ Int+6}
rCorr  .         Warding  .     (no gloves)
rMut   .         Stasis   .     v - +2 pair of boots
MR     .....                    J - amulet of Fadghidd {Clar rC++ Dex+6}
Stlth  ..........               t - ring of sustain abilities
                                p - ring of positive energy

@: agile, lethally poisoned (-2 -> -3), very slightly contaminated, hasted, very
quick, not resistant to hostile enchantments, extremely unstealthy
A: retaliatory headbutt, horns 2
a: Heroism, Finesse, Renounce Religion


You were on level 12 of the Dungeon.
You worshipped Okawaru.
Okawaru was exalted by your worship.
You were not hungry.

You visited 2 branches of the dungeon, and saw 13 of its levels.

You collected 528 gold pieces.
You spent 373 gold pieces at shops.

Inventory:

Hand weapons
 y - a +1 arbalest of freezing
 D - a +3 battleaxe of freezing (weapon)
 Q - a +9 war axe
Missiles
 z - 48 bolts
Armour
 c - a +0 hat (worn)
 v - a +2 pair of boots (worn)
 X - the +1 cloak of the Burgomaster (worn) {Regen+ Int+6}
   (Okawaru gifted it to you on level 10 of the Dungeon)

   It affects your intelligence (+6).
   It increases your rate of regeneration.
 Z - a +0 plate armour (worn)
Jewellery
 p - a ring of positive energy (left hand)
 t - a ring of sustain abilities (right hand)
 J - the amulet of Fadghidd (around neck) {Clar rC++ Dex+6}
   (You bought it in a shop on level 6 of the Dungeon)

   [amulet of clarity]

   It provides mental clarity.
   It affects your dexterity (+6).
   It greatly protects you from cold.
 L - an uncursed amulet of stasis
Magical devices
 b - a wand of fireball (2)
 u - a wand of confusion (9)
 x - a wand of fire (5)
 B - a wand of digging (12)
 N - a wand of polymorph (6)
Scrolls
 e - 4 scrolls of remove curse
 k - a scroll of enchant armour
 m - 2 scrolls of noise
 q - 2 scrolls of teleportation
 w - 4 scrolls of magic mapping
 A - a scroll of fog
 K - a scroll of fear
Potions
 g - 3 potions of curing
 i - a potion of magic
 j - a potion of mutation {unknown}
 l - a potion of agility
 o - a potion of haste
 G - a potion of berserk rage
 M - 2 potions of flight
 S - a potion of invisibility {unknown}
 W - a potion of heal wounds
Miscellaneous
 a - a phial of floods
 V - a plain deck of defence
Comestibles
 f - 12 bread rations
 h - a beef jerky
 O - 2 meat rations


   Skills:
 + Level 13.9 Fighting
 - Level 10.8 Axes
 - Level 2.0 Throwing
 - Level 11.7 Armour
 - Level 3.2 Dodging
 - Level 4.1 Invocations
 - Level 4.0 Evocations


You had 10 spell levels left.
You didn't know any spells.

Dungeon Overview and Level Annotations

Branches:
Dungeon (12/15)            Temple (1/1) D:4            Lair (0/8) D:11
    Orc (0/4) D:10

Altars:
Ashenzari
Cheibriados
Dithmenos
Elyvilon
Fedhas
Gozag
Kikubaaqudgha
Makhleb
Nemelex Xobeh
Okawaru
Qazlal
Ru
Sif Muna
Trog
Vehumet
Xom
Yredelemnul
Zin
The Shining One
Beogh

Shops:
D:6 [*![   D:9 ?

Annotations:
D:12 Nessos


Innate Abilities, Weirdness & Mutations

You reflexively headbutt those who attack you in melee.
You have a pair of horns on your head.


Message History

You headbutt Nessos.
Found a stone staircase leading up.
You slash Nessos! You freeze Nessos. You headbutt Nessos, but do no damage.
Nessos is heavily wounded.
You closely miss the orc.
Nessos zaps a wand.
The bolt of fire misses you. Nessos hits you but does no damage.
The orc misses you.
You hit Nessos but do no damage. You headbutt Nessos.
Nessos is heavily wounded.
You slash the orc! You freeze the orc.
You kill the orc!
Okawaru accepts your kill.
You feel sick.
Nessos blinks!
Read which item? (? for menu, Esc to quit)
Blink to where?
Press: ? - help, Dir - move target cursor, p - Nessos
As you read the scroll of blinking, it crumbles to dust.
Nessos zaps a wand.
The bolt of fire hits you!
* * * LOW HITPOINT WARNING * * *
Nessos zaps a wand.
The bolt of fire hits you!
You die...

########.#
####.........#
######....<......%#
#...§((..(.########
##....§../###
#.....)§###
#.......##
..###...# . #..@#
#..c.# #.##..# #.<
#..# #. #..# #.
#..# # ..


You could see Nessos.

Vanquished Creatures
  An unseen horror (D:10)
  2 hill giants (D:10)
  A manticore (D:11)
  Psyche (D:9)
  A gargoyle (D:10)
  2 komodo dragons
  2 trolls (D:10)
  4 two-headed ogres
  Prince Ribbit (D:5)
  A trapdoor spider zombie (D:7)
  A spriggan (D:8)
  8 yaks
  A wraith (D:10)
  3 hippogriffs
  A hungry ghost (D:9)
  Edmund (D:5)
  2 mottled dragons (D:11)
  4 ice beasts
  5 orc warriors
  A sky beast (D:6)
  5 ogres
  An eye of draining (D:11)
  2 phantoms
  Sigmund (D:6)
  Duvessa (D:7)
  2 centaurs
  5 giant frogs
  Blork the orc (D:9)
  A gnoll sergeant (D:9)
  A wyvern skeleton (D:10)
  14 killer bees
  3 scorpions
  15 wights
  3 giant frog zombies
  Dowan (D:7)
  6 crimson imps
  6 hounds
  A quasit (D:6)
  4 centaur zombies
  7 jellies
  8 orc priests
  11 worker ants
  7 orc wizards
  6 iguanas
  A hound zombie (D:10)
  2 hound skeletons
  A worker ant zombie (D:8)
  10 adders
  3 gnolls (D:9)
  A giant mite (D:3)
  3 shadow imps
  3 worms
  An adder skeleton (D:4)
  6 giant geckos
  2 oozes
  54 orcs
  7 giant cockroaches
  16 hobgoblins
  6 jackals
  3 quokkas
  3 ball pythons
  8 bats
  A giant gecko skeleton (D:3)
  2 giant gecko zombies
  10 giant newts
  A giant spore (D:11)
  14 goblins
  11 kobolds
  13 rats
  2 ballistomycetes (D:11)
339 creatures vanquished.

Vanquished Creatures (others)
  A centaur skeleton (D:11)
  A wraith (D:11)
  An ice beast (D:11)
  2 human simulacra (D:11)
  An orc (D:11)
6 creatures vanquished.

Grand Total: 345 creatures vanquished

Notes
Turn   | Place    | Note
--------------------------------------------------------------
     0 | D:1      | BluebellGnoll, the Minotaur Gladiator, began the quest for the Orb.
     0 | D:1      | Reached XP level 1. HP: 18/18 MP: 1/1
    44 | D:1      | Reached skill level 4 in Axes
   161 | D:1      | Reached XP level 2. HP: 25/25 MP: 1/1
   378 | D:1      | Reached skill level 5 in Axes
   531 | D:1      | Reached XP level 3. HP: 30/30 MP: 2/2
  1039 | D:2      | Found a basalt altar of Yredelemnul.
  1186 | D:3      | Reached XP level 4. HP: 40/40 MP: 2/2
  1755 | D:3      | Found a snail-covered altar of Cheibriados.
  2078 | D:4      | Reached skill level 5 in Fighting
  2078 | D:4      | Reached XP level 5. HP: 21/48 MP: 2/2
  2191 | D:4      | Found a staircase to the Ecumenical Temple.
  2245 | Temple   | Entered the Ecumenical Temple
  2262 | Temple   | Became a worshipper of Warmaster Okawaru
  2659 | D:4      | Found a shadowy altar of Dithmenos.
  2997 | D:5      | Entered Level 5 of the Dungeon
  3019 | D:5      | Reached skill level 6 in Fighting
  3095 | D:5      | Found a burning altar of Makhleb.
  3413 | D:5      | Reached XP level 6. HP: 17/58 MP: 3/3
  3632 | D:4      | Reached skill level 7 in Fighting
  3669 | D:5      | Found a radiant altar of Vehumet.
  3896 | D:5      | Noticed an ice beast
  3910 | D:5      | Killed an ice beast
  3910 | D:5      | Acquired Okawaru's first power
  3923 | D:5      | Noticed Edmund
  3925 | D:5      | Reached skill level 8 in Fighting
  3944 | D:5      | HP: 3/61 [Edmund/flail of protection (9)]
  3945 | D:5      | Killed Edmund
  3945 | D:5      | Reached XP level 7. HP: 3/69 MP: 3/3
  4298 | D:5      | Reached skill level 9 in Fighting
  4440 | D:5      | Noticed Prince Ribbit
  4440 | D:5      | Noticed an ice beast
  4459 | D:5      | Killed an ice beast
  4459 | D:5      | Reached skill level 10 in Fighting
  4496 | D:5      | Killed Prince Ribbit
  4496 | D:5      | Reached XP level 8. HP: 23/81 MP: 3/3
  4630 | D:5      | Noticed an ogre
  4633 | D:5      | Killed an ogre
  4633 | D:5      | Reached skill level 11 in Fighting
  4850 | D:6      | Found Khatwics' Armour Emporium.
  5051 | D:6      | Noticed Sigmund
  5059 | D:6      | Killed Sigmund
  5091 | D:6      | Found Zaehu's Assorted Antiques.
  5099 | D:6      | Bought a heavily runed ruby amulet for 130 gold pieces
  5099 | D:6      | Bought a scroll labeled AXKESU DAREOGE for 26 gold pieces
  5099 | D:6      | Bought a scroll labeled AXKESU DAREOGE for 26 gold pieces
  5099 | D:6      | Bought a scroll labeled MIOZEQIKIU for 26 gold pieces
  5099 | D:6      | Bought a scroll labeled NEM CUCWEALE for 26 gold pieces
  5099 | D:6      | Bought a scroll labeled JAPLUL SYWIL for 26 gold pieces
  5102 | D:6      | Identified the amulet of Fadghidd {Clar rC++ Dex+6} (You bought it in a shop on level 6 of the Dungeon)
  5176 | D:6      | Found Trais' Distillery.
  5178 | D:6      | Found Erphaytaxt's Armour Emporium.
  5204 | D:6      | Bought a potion of degeneration for 13 gold pieces
  5326 | D:7      | Reached XP level 9. HP: 80/89 MP: 4/4
  5369 | D:7      | Reached skill level 10 in Axes
  5491 | D:7      | Noticed Duvessa
  5493 | D:7      | Noticed Dowan
  5498 | D:7      | Killed Duvessa
  5503 | D:7      | Killed Dowan
  5636 | D:7      | Reached skill level 1 in Invocations
  5636 | D:7      | Reached skill level 1 in Evocations
  6354 | D:8      | Reached skill level 1 in Armour
  6380 | D:8      | Acquired Okawaru's second power
  6510 | D:8      | Reached XP level 10. HP: 95/95 MP: 11/11
  6735 | D:9      | Found Ceygab's Magic Scroll Emporium.
  6749 | D:9      | Bought a scroll of identify for 20 gold pieces
  6749 | D:9      | Bought a scroll of identify for 20 gold pieces
  6749 | D:9      | Bought a scroll of identify for 20 gold pieces
  6749 | D:9      | Bought 2 scrolls of identify for 40 gold pieces
  6783 | D:9      | Noticed Blork the orc
  6788 | D:9      | Killed Blork the orc
  6846 | D:9      | Reached skill level 5 in Armour
  6885 | D:9      | Noticed Psyche
  6893 | D:9      | Killed Psyche
  7417 | D:10     | Entered Level 10 of the Dungeon
  7471 | D:10     | Noticed a hill giant
  7477 | D:10     | Killed a hill giant
  7546 | D:10     | Noticed a hill giant
  7551 | D:10     | Killed a hill giant
  7890 | D:10     | Received a gift from Okawaru
  7904 | D:10     | Killed an unseen horror
  7904 | D:10     | Reached skill level 10 in Armour
  8325 | D:10     | Got a faintly humming cloak {god gift}
  8336 | D:10     | Identified the +1 cloak of the Burgomaster {Regen+ Int+6} (Okawaru gifted it to you on level 10 of the Dungeon)
  8485 | D:10     | Found a roughly hewn altar of Beogh.
  8488 | D:10     | Found a staircase to the Orcish Mines.
  8492 | D:10     | Reached XP level 11. HP: 85/102 MP: 12/12
  8915 | D:10     | Reached skill level 12 in Fighting
  9342 | D:11     | Reached skill level 13 in Fighting
  9611 | D:11     | Received a gift from Okawaru
  9627 | D:11     | Got a pitted scale mail {god gift}
  9644 | D:11     | Identified the +0 scale mail "Nuficrif" {MR+ Dex+2} (Okawaru gifted it to you on level 11 of the Dungeon)
  9739 | D:11     | Found a staircase to the Lair.
  9946 | D:12     | Noticed Nessos
  9967 | D:12     | Killed from afar by Nessos

Action                   |  1- 3 |  4- 6 |  7- 9 | 10-12 || total
-------------------------+-------+-------+-------+-------++-------
Melee: War axe           |    71 |   141 |     9 |       ||   221
       Battleaxe         |       |       |   172 |   301 ||   473
 Fire: Arbalest          |       |       |    12 |     8 ||    20
Throw: Throwing net      |       |       |     2 |     5 ||     7
Evoke: Wand              |       |     5 |     7 |    13 ||    25
  Use: Scroll            |     1 |       |    12 |    19 ||    32
       Potion            |       |       |     5 |     2 ||     7
 Stab: Confused          |       |     1 |       |     1 ||     2
       Held in net/web   |       |       |     1 |     1 ||     2
  Eat: Chunk             |     1 |     6 |     7 |    11 ||    25
       Bread ration      |       |     1 |       |       ||     1
